Workbook

Sheet GARÇOM
A1: ANEXO I Planilha de custos e formação de preços Modelo para consolidação e apresentação de propostas
A4: Nº Processo | E4: 116381
A5: Licitação Nº | E5: 192/2025
A6: Dia/Hora
A8: Discriminação dos Serviços (dados referentes à contratação)
A9: A | B9: Data de apresentação da proposta (dia/mês/ano)
A10: B | B10: Município/UF | E10: GO
A11: C | B11: Ano Acordo, Convenção ou Sentença Normativa em Dissídio Coletivo | E11: GO000026/2025
A12: D | B12: Nº de meses de execução contratual | E12: 12
A14: Identificação do Serviço
A15: Tipo de Serviço | C15: Unidade de Medida | E15: Qtde. Total a Contratar (em função da un; de medida)
A16: GARÇOM | C16: Posto | E16: 2
A18: Mão de obra
A19: Mão de obra vinculada à execução contratual
A20: Dados complementares para composição dos custos referente à mão de obra
A21: 1 | B21: Tipo de serviço (mesmo serviço com características distintas | E21: Garçom
A22: 2 | B22: Salário Normativo da Categoria Profissional | E22: 2001.93
A23: 3 | B23: Categoria profissional (vinculado à execução contratual) | E23: GARÇOM
A24: 4 | B24: Data base da categoria (dia/mês/ano) | E24: 45658
A25: Nota: Deverá ser elaborado um quadro para cada tipo de serviço.
A27: MÓDULO 1: COMPOSIÇÃO DA REMUNERAÇÃO
A28: 1 | B28: Composição da Remuneração | E28: Valor (R$)
A29: A | B29: Salário Base | E29: =E22 -> 2001.93
A30: B | B30: Adicional de Insalubridade | E30: 0
A31: C | B31: Adicional de Periculosidade | E31: 0
A32: D | B32: Adicional Noturno | E32: 0
A33: E | B33: Hora Noturna adicional | E33: 0
A34: F | B34: Adicional de Hora Extra | E34: 0
A35: G | B35: Intervalo Intrajornada | E35: 0
A36: H | B36: Gratificação | E36: 0
A37: TOTAL DO MÓDULO 1 | E37: =SUM(E29:E36) -> 2001.93
A39: MÓDULO 2: ENCARGOS E BENEFÍCIOS ANUAIS, MENSAIS E DIÁRIOS
A40: Submódulo 2.1 – 13º Salário, Férias e Adicional de Férias
A41: 2.1 | B41: 13º Salário e Adicional de Férias | D41: % | E41: Valor (R$)
A42: A | B42: 13º Salário | D42: 0.0833 | E42: =ROUND(($E$37)*D42,2) -> 166.76
A43: B | B43: Adicional de Férias | D43: 0.0278 | E43: =ROUND(($E$37)*D43,2) -> 55.65
B44: TOTAL SUBMÓDULO 2.1 | D44: 0.1111 | E44: =SUM(E42:E43) -> 222.41
A46: Submódulo 2.2 – Encargos previdenciários e FGTS
A47: 2.2 | B47: Encargos previdenciários e FGTS | D47: % | E47: Valor (R$)
A48: A | B48: INSS | D48: 0.2 | E48: =$E$37*D48 -> 400.39
A49: B | B49: Salário Educação | D49: 0.025 | E49: =$E$37*D49 -> 50.05
A50: C | B50: SAT (Seguro Acidente de Trabalho) | D50: 0.0321 | E50: =$E$37*D50 -> 64.26
A51: D | B51: SESC ou SESI | D51: 0.015 | E51: =$E$37*D51 -> 30.03
A52: E | B52: SENAI – SENAC | D52: 0.01 | E52: =$E$37*D52 -> 20.02
A53: F | B53: SEBRAE | D53: 0.006 | E53: =$E$37*D53 -> 12.01
A54: G | B54: INCRA | D54: 0.002 | E54: =$E$37*D54 -> 4
A55: H | B55: FGTS | D55: 0.08 | E55: =$E$37*D55 -> 160.15
B56: TOTAL SUBMÓDULO 2.2 | D56: =SUM(D48:D55) -> 0.3701 | E56: =SUM(E48:E55) -> 740.91
A57: Nota (1) – Os percentuais dos encargos previdenciários e FGTS são aqueles estabelecidos pela legislação vigente.
A58: Nota (2) – Percentuais incidentes sobre a remuneração.
A60: Submódulo 2.3 – Benefícios Mensais e Diários
A61: 2.3 | B61: Benefícios Mensais e Diários | E61: Valor (R$)
A62: A | B62: Transporte (22 dias, valor da passagem R$ 4,30) | E62: =44*4.3 -> 189.2
A63: A1 | B63: Desconto legal sobre transporte (máximo 6% do salário-base) | C63: 0.06 | D63: - | E63: =(-E37*6%) -> -120.12
A64: B | B64: Auxílio alimentação | E64: =22*25 -> 550
A65: B1 | B65: Desconto legal sobre alimentação (máximo 11% do valor do beneficio) | E65: =-11%*E64 -> -60.5
A66: C | B66: Seguro de vida e assistência social | E66: 4
A67: D | B67: Amparo Familiar | E67: 16
A68: E | B68: Plano de saúde | E68: 0
A69: F | B69: Custeio Compulsório para Aprendizagem | E69: 72.37
A70: G | B70: Outros (especificar) | E70: 0
B71: TOTAL SUBMÓDULO 2.3 | E71: =SUM(E62:E70) -> 650.95
A72: Nota: o valor informado deverá ser o custo real do insumo (descontado o valor eventualmente pago pelo empregado).
A74: QUADRO-RESUMO DO MÓDULO 2 – ENCARGOS, BENEFÍCIOS ANUAIS, MENSAIS E DIÁRIOS
A75: Módulo 2 – Encargos, Benefícios Anuais, Mensais e Diários | E75: Valor (R$)
A76: 2.1 | B76: 13º Salário e Adicional de Férias | E76: =E44 -> 222.41
A77: 2.2 | B77: Encargos previdenciários e FGTS | E77: =E56 -> 740.91
A78: 2.3 | B78: Benefícios Mensais e Diários | E78: =E71 -> 650.95
A79: TOTAL DO MÓDULO 2 | E79: =SUM(E76:E78) -> 1614.27
A81: MÓDULO 3: PROVISÃO PARA RESCISÃO
A82: Provisão para Rescisão
A83: 3 | B83: Provisão para Rescisão | D83: % | E83: Valor (R$)
A84: A | B84: Aviso prévio indenizado | D84: 0.0042 | E84: =ROUND(($E$37)*D84,2) -> 8.41
A85: B | B85: Incidência do FGTS sobre o aviso prévio indenizado | D85: 0.0003 | E85: =ROUND(($E$37)*D85,2) -> 0.6
A86: C | B86: Multa do FGTS do aviso prévio indenizado | D86: 0.0435 | E86: =ROUND(($E$37)*D86,2) -> 87.08
A87: D | B87: Aviso prévio trabalhado | D87: 0.0194 | E87: =ROUND(($E$37)*D87,2) -> 38.84
A88: E | B88: Incidência do submódulo 2.2 sobre o aviso prévio trabalhado | D88: 0.0072 | E88: =ROUND(($E$37)*D88,2) -> 14.41
A89: F | B89: Multa do FGTS do aviso prévio trabalhado | D89: 0.0065 | E89: =ROUND(($E$37)*D89,2) -> 13.01
A90: SUBTOTAL DO MÓDULO 3 | D90: =SUM(D84:D89) -> 0.0811 | E90: =SUM(E84:E89) -> 162.35
A91: G | B91: Incidência do submódulo 2.2 sobre o módulo 3 | D91: 0.03 | E91: =ROUND(($E$37)*D91,2) -> 60.06
A92: TOTAL DO MÓDULO 3 | D92: =SUM(D90:D91) -> 0.1111 | E92: =SUM(E90:E91) -> 222.41
D93: ]
A94: MÓDULO 4: CUSTO DE REPOSIÇÃO DO PROFISSIONAL AUSENTE
A95: Submódulo 4.1 – Ausências Legais
A96: 4.1 | B96: Ausências Legais | D96: % | E96: Valor (R$)
A97: A | B97: Férias | D97: 0.0833 | E97: =$E$37*$D97 -> 166.76
A98: B | B98: Ausências Legais | D98: 0.004 | E98: =$E$37*$D98 -> 8.01
A99: C | B99: Licença-Paternidade | D99: 0.0002 | E99: =$E$37*$D99 -> 0.4
A100: D | B100: Ausência por acidente de trabalho | D100: 0.0002 | E100: =$E$37*$D100 -> 0.4
A101: E | B101: Afastamento Maternidade 120 dias | D101: 0.0007 | E101: =$E$37*$D101 -> 1.4
A102: F | B102: Afastamento Maternidade Prorrogado (60 dias) | D102: 0.0002 | E102: =$E$37*$D102 -> 0.4
A103: G | B103: Outros (especificar) | D103: 0 | E103: =$E$37*$D103 -> 0
A104: SUBTOTAL DO SUBMÓDULO 4.1 | D104: =SUM(D97:D103) -> 0.0886 | E104: =SUM(E97:E103) -> 177.37
A105: H | B105: Incidência do submódulo 2.2 sobre o submódulo 4.1 | D105: 0.0353 | E105: =$E$37*$D105 -> 70.67
A106: TOTAL SUBMÓDULO 4.1 | D106: =SUM(D104:D105) -> 0.1239 | E106: =SUM(E104:E105) -> 248.04
A108: Submódulo 4.2 – Intrajornada
A109: 4.2 | B109: Intrajornada | D109: % | E109: Valor (R$)
A110: A | B110: Intervalo para Repouso ou Alimentação | D110: 0 | E110: 0
B111: TOTAL SUBMÓDULO 4.2 | D111: 0 | E111: 0
A113: QUADRO-RESUMO DO MÓDULO 4 – CUSTO DE REPOSIÇÃO DO PROFISSIONAL AUSENTE
...

Sheet AUX. LIMPEZA
A1: ANEXO I Planilha de custos e formação de preços Modelo para consolidação e apresentação de propostas
A4: Nº Processo | E4: 116381
A5: Licitação Nº | E5: 192/2025
A6: Dia/Hora
A8: Discriminação dos Serviços (dados referentes à contratação)
A9: A | B9: Data de apresentação da proposta (dia/mês/ano)
A10: B | B10: Município/UF | E10: GO
A11: C | B11: Ano Acordo, Convenção ou Sentença Normativa em Dissídio Coletivo | E11: GO000026/2025
A12: D | B12: Nº de meses de execução contratual | E12: 12
A14: Identificação do Serviço
A15: Tipo de Serviço | C15: Unidade de Medida | E15: Qtde. Total a Contratar (em função da un; de medida)
A16: Aux. De Limpeza | C16: Posto | E16: 8
A18: Mão de obra
A19: Mão de obra vinculada à execução contratual
A20: Dados complementares para composição dos custos referente à mão de obra
A21: 1 | B21: Tipo de serviço (mesmo serviço com características distintas | E21: Aux de Limpeza
A22: 2 | B22: Salário Normativo da Categoria Profissional | E22: 1601.55
A23: 3 | B23: Categoria profissional (vinculado à execução contratual) | E23: Aux. De Limpeza
A24: 4 | B24: Data base da categoria (dia/mês/ano) | E24: 45658
A25: Nota: Deverá ser elaborado um quadro para cada tipo de serviço.
A27: MÓDULO 1: COMPOSIÇÃO DA REMUNERAÇÃO
A28: 1 | B28: Composição da Remuneração | E28: Valor (R$)
A29: A | B29: Salário Base | E29: =E22 -> 1601.55
A30: B | B30: Adicional de Insalubridade (20%) | E30: =1518*20% -> 303.6
A31: C | B31: Adicional de Periculosidade | E31: 0
A32: D | B32: Adicional Noturno | E32: 0
A33: E | B33: Hora Noturna adicional | E33: 0
A34: F | B34: Adicional de Hora Extra | E34: 0
A35: G | B35: Intervalo Intrajornada | E35: 0
A36: H | B36: Gratificação | E36: 0
A37: TOTAL DO MÓDULO 1 | E37: =SUM(E29:E36) -> 1905.15
A39: MÓDULO 2: ENCARGOS E BENEFÍCIOS ANUAIS, MENSAIS E DIÁRIOS
A40: Submódulo 2.1 – 13º Salário, Férias e Adicional de Férias
A41: 2.1 | B41: 13º Salário e Adicional de Férias | D41: % | E41: Valor (R$)
A42: A | B42: 13º Salário | D42: 0.0833 | E42: =ROUND(($E$37)*D42,2) -> 158.7
A43: B | B43: Adicional de Férias | D43: 0.0278 | E43: =ROUND(($E$37)*D43,2) -> 52.96
B44: TOTAL SUBMÓDULO 2.1 | D44: 0.1111 | E44: =SUM(E42:E43) -> 211.66
A46: Submódulo 2.2 – Encargos previdenciários e FGTS
A47: 2.2 | B47: Encargos previdenciários e FGTS | D47: % | E47: Valor (R$)
A48: A | B48: INSS | D48: 0.2 | E48: =$E$37*D48 -> 381.03
A49: B | B49: Salário Educação | D49: 0.025 | E49: =$E$37*D49 -> 47.63
A50: C | B50: SAT (Seguro Acidente de Trabalho) | D50: 0.0321 | E50: =$E$37*D50 -> 61.16
A51: D | B51: SESC ou SESI | D51: 0.015 | E51: =$E$37*D51 -> 28.58
A52: E | B52: SENAI – SENAC | D52: 0.01 | E52: =$E$37*D52 -> 19.05
A53: F | B53: SEBRAE | D53: 0.006 | E53: =$E$37*D53 -> 11.43
A54: G | B54: INCRA | D54: 0.002 | E54: =$E$37*D54 -> 3.81
A55: H | B55: FGTS | D55: 0.08 | E55: =$E$37*D55 -> 152.41
B56: TOTAL SUBMÓDULO 2.2 | D56: =SUM(D48:D55) -> 0.3701 | E56: =SUM(E48:E55) -> 705.1
A57: Nota (1) – Os percentuais dos encargos previdenciários e FGTS são aqueles estabelecidos pela legislação vigente.
A58: Nota (2) – Percentuais incidentes sobre a remuneração.
A60: Submódulo 2.3 – Benefícios Mensais e Diários
A61: 2.3 | B61: Benefícios Mensais e Diários | E61: Valor (R$)
A62: A | B62: Transporte (22 dias, valor da passagem R$ 4,30) | E62: =44*4.3 -> 189.2
A63: A1 | B63: Desconto legal sobre transporte (máximo 6% do salário-base) | C63: 0.06 | D63: - | E63: =(-E37*6%) -> -114.31
A64: B | B64: Auxílio alimentação | E64: =22*25 -> 550
A65: B1 | B65: Desconto legal sobre alimentação (máximo 11% do valor do beneficio) | E65: =-11%*E64 -> -60.5
A66: C | B66: Seguro de vida e assistência social | E66: 4
A67: D | B67: Amparo Familiar | E67: 16
A68: E | B68: Plano de saúde | E68: 0
A69: F | B69: Custeio Compulsório para Aprendizagem | E69: 72.37
A70: G | B70: Outros (especificar) | E70: 0
B71: TOTAL SUBMÓDULO 2.3 | E71: =SUM(E62:E70) -> 656.76
A72: Nota: o valor informado deverá ser o custo real do insumo (descontado o valor eventualmente pago pelo empregado).
A74: QUADRO-RESUMO DO MÓDULO 2 – ENCARGOS, BENEFÍCIOS ANUAIS, MENSAIS E DIÁRIOS
A75: Módulo 2 – Encargos, Benefícios Anuais, Mensais e Diários | E75: Valor (R$)
A76: 2.1 | B76: 13º Salário e Adicional de Férias | E76: =E44 -> 211.66
A77: 2.2 | B77: Encargos previdenciários e FGTS | E77: =E56 -> 705.1
A78: 2.3 | B78: Benefícios Mensais e Diários | E78: =E71 -> 656.76
A79: TOTAL DO MÓDULO 2 | E79: =SUM(E76:E78) -> 1573.52
A81: MÓDULO 3: PROVISÃO PARA RESCISÃO
A82: Provisão para Rescisão
A83: 3 | B83: Provisão para Rescisão | D83: % | E83: Valor (R$)
A84: A | B84: Aviso prévio indenizado | D84: 0.0042 | E84: =ROUND(($E$37)*D84,2) -> 8
A85: B | B85: Incidência do FGTS sobre o aviso prévio indenizado | D85: 0.0003 | E85: =ROUND(($E$37)*D85,2) -> 0.57
A86: C | B86: Multa do FGTS do aviso prévio indenizado | D86: 0.0435 | E86: =ROUND(($E$37)*D86,2) -> 82.87
A87: D | B87: Aviso prévio trabalhado | D87: 0.0194 | E87: =ROUND(($E$37)*D87,2) -> 36.96
A88: E | B88: Incidência do submódulo 2.2 sobre o aviso prévio trabalhado | D88: 0.0072 | E88: =ROUND(($E$37)*D88,2) -> 13.72
A89: F | B89: Multa do FGTS do aviso prévio trabalhado | D89: 0.0065 | E89: =ROUND(($E$37)*D89,2) -> 12.38
A90: SUBTOTAL DO MÓDULO 3 | D90: =SUM(D84:D89) -> 0.0811 | E90: =SUM(E84:E89) -> 154.5
A91: G | B91: Incidência do submódulo 2.2 sobre o módulo 3 | D91: 0.03 | E91: =ROUND(($E$37)*D91,2) -> 57.15
A92: TOTAL DO MÓDULO 3 | D92: =SUM(D90:D91) -> 0.1111 | E92: =SUM(E90:E91) -> 211.65
D93: ]
A94: MÓDULO 4: CUSTO DE REPOSIÇÃO DO PROFISSIONAL AUSENTE
A95: Submódulo 4.1 – Ausências Legais
A96: 4.1 | B96: Ausências Legais | D96: % | E96: Valor (R$)
A97: A | B97: Férias | D97: 0.0833 | E97: =$E$37*$D97 -> 158.7
A98: B | B98: Ausências Legais | D98: 0.004 | E98: =$E$37*$D98 -> 7.62
A99: C | B99: Licença-Paternidade | D99: 0.0002 | E99: =$E$37*$D99 -> 0.38
A100: D | B100: Ausência por acidente de trabalho | D100: 0.0002 | E100: =$E$37*$D100 -> 0.38
A101: E | B101: Afastamento Maternidade 120 dias | D101: 0.0007 | E101: =$E$37*$D101 -> 1.33
A102: F | B102: Afastamento Maternidade Prorrogado (60 dias) | D102: 0.0002 | E102: =$E$37*$D102 -> 0.38
A103: G | B103: Outros (especificar) | D103: 0 | E103: =$E$37*$D103 -> 0
A104: SUBTOTAL DO SUBMÓDULO 4.1 | D104: =SUM(D97:D103) -> 0.0886 | E104: =SUM(E97:E103) -> 168.79
A105: H | B105: Incidência do submódulo 2.2 sobre o submódulo 4.1 | D105: 0.0353 | E105: =$E$37*$D105 -> 67.25
A106: TOTAL SUBMÓDULO 4.1 | D106: =SUM(D104:D105) -> 0.1239 | E106: =SUM(E104:E105) -> 236.04
A108: Submódulo 4.2 – Intrajornada
A109: 4.2 | B109: Intrajornada | D109: % | E109: Valor (R$)
A110: A | B110: Intervalo para Repouso ou Alimentação | D110: 0 | E110: 0
B111: TOTAL SUBMÓDULO 4.2 | D111: 0 | E111: 0
A113: QUADRO-RESUMO DO MÓDULO 4 – CUSTO DE REPOSIÇÃO DO PROFISSIONAL AUSENTE
...

Sheet COPEIRA
A1: ANEXO I Planilha de custos e formação de preços Modelo para consolidação e apresentação de propostas
A4: Nº Processo | E4: 116381
A5: Licitação Nº | E5: 192/2025
A6: Dia/Hora
A8: Discriminação dos Serviços (dados referentes à contratação)
A9: A | B9: Data de apresentação da proposta (dia/mês/ano)
A10: B | B10: Município/UF | E10: GO
A11: C | B11: Ano Acordo, Convenção ou Sentença Normativa em Dissídio Coletivo | E11: GO000026/2025
A12: D | B12: Nº de meses de execução contratual | E12: 12
A14: Identificação do Serviço
A15: Tipo de Serviço | C15: Unidade de Medida | E15: Qtde. Total a Contratar (em função da un; de medida)
A16: COPEIRA | C16: Posto | E16: 4
A18: Mão de obra
A19: Mão de obra vinculada à execução contratual
A20: Dados complementares para composição dos custos referente à mão de obra
A21: 1 | B21: Tipo de serviço (mesmo serviço com características distintas | E21: Copeira
A22: 2 | B22: Salário Normativo da Categoria Profissional | E22: 1601.55
A23: 3 | B23: Categoria profissional (vinculado à execução contratual) | E23: COPEIRA
A24: 4 | B24: Data base da categoria (dia/mês/ano) | E24: 45658
A25: Nota: Deverá ser elaborado um quadro para cada tipo de serviço.
A27: MÓDULO 1: COMPOSIÇÃO DA REMUNERAÇÃO
A28: 1 | B28: Composição da Remuneração | E28: Valor (R$)
A29: A | B29: Salário Base | E29: =E22 -> 1601.55
A30: B | B30: Adicional de Insalubridade | E30: 0
A31: C | B31: Adicional de Periculosidade | E31: 0
A32: D | B32: Adicional Noturno | E32: 0
A33: E | B33: Hora Noturna adicional | E33: 0
A34: F | B34: Adicional de Hora Extra | E34: 0
A35: G | B35: Intervalo Intrajornada | E35: 0
A36: H | B36: Gratificação | E36: 0
A37: TOTAL DO MÓDULO 1 | E37: =SUM(E29:E36) -> 1601.55
A39: MÓDULO 2: ENCARGOS E BENEFÍCIOS ANUAIS, MENSAIS E DIÁRIOS
A40: Submódulo 2.1 – 13º Salário, Férias e Adicional de Férias
A41: 2.1 | B41: 13º Salário e Adicional de Férias | D41: % | E41: Valor (R$)
A42: A | B42: 13º Salário | D42: 0.0833 | E42: =ROUND(($E$37)*D42,2) -> 133.41
A43: B | B43: Adicional de Férias | D43: 0.0278 | E43: =ROUND(($E$37)*D43,2) -> 44.52
B44: TOTAL SUBMÓDULO 2.1 | D44: 0.1111 | E44: =SUM(E42:E43) -> 177.93
A46: Submódulo 2.2 – Encargos previdenciários e FGTS
A47: 2.2 | B47: Encargos previdenciários e FGTS | D47: % | E47: Valor (R$)
A48: A | B48: INSS | D48: 0.2 | E48: =$E$37*D48 -> 320.31
A49: B | B49: Salário Educação | D49: 0.025 | E49: =$E$37*D49 -> 40.04
A50: C | B50: SAT (Seguro Acidente de Trabalho) | D50: 0.0321 | E50: =$E$37*D50 -> 51.41
A51: D | B51: SESC ou SESI | D51: 0.015 | E51: =$E$37*D51 -> 24.02
A52: E | B52: SENAI – SENAC | D52: 0.01 | E52: =$E$37*D52 -> 16.02
A53: F | B53: SEBRAE | D53: 0.006 | E53: =$E$37*D53 -> 9.61
A54: G | B54: INCRA | D54: 0.002 | E54: =$E$37*D54 -> 3.2
A55: H | B55: FGTS | D55: 0.08 | E55: =$E$37*D55 -> 128.12
B56: TOTAL SUBMÓDULO 2.2 | D56: =SUM(D48:D55) -> 0.3701 | E56: =SUM(E48:E55) -> 592.73
A57: Nota (1) – Os percentuais dos encargos previdenciários e FGTS são aqueles estabelecidos pela legislação vigente.
A58: Nota (2) – Percentuais incidentes sobre a remuneração.
A60: Submódulo 2.3 – Benefícios Mensais e Diários
A61: 2.3 | B61: Benefícios Mensais e Diários | E61: Valor (R$)
A62: A | B62: Transporte (22 dias, valor da passagem R$ 4,30) | E62: =44*4.3 -> 189.2
A63: A1 | B63: Desconto legal sobre transporte (máximo 6% do salário-base) | C63: 0.06 | D63: - | E63: =(-E37*6%) -> -96.09
A64: B | B64: Auxílio alimentação | E64: =22*25 -> 550
A65: B1 | B65: Desconto legal sobre alimentação (máximo 11% do valor do beneficio) | E65: =-11%*E64 -> -60.5
A66: C | B66: Seguro de vida e assistência social | E66: 4
A67: D | B67: Amparo Familiar | E67: 16
A68: E | B68: Plano de saúde | E68: 0
A69: F | B69: Custeio Compulsório para Aprendizagem | E69: 72.37
A70: G | B70: Outros (especificar) | E70: 0
B71: TOTAL SUBMÓDULO 2.3 | E71: =SUM(E62:E70) -> 674.98
A72: Nota: o valor informado deverá ser o custo real do insumo (descontado o valor eventualmente pago pelo empregado).
A74: QUADRO-RESUMO DO MÓDULO 2 – ENCARGOS, BENEFÍCIOS ANUAIS, MENSAIS E DIÁRIOS
A75: Módulo 2 – Encargos, Benefícios Anuais, Mensais e Diários | E75: Valor (R$)
A76: 2.1 | B76: 13º Salário e Adicional de Férias | E76: =E44 -> 177.93
A77: 2.2 | B77: Encargos previdenciários e FGTS | E77: =E56 -> 592.73
A78: 2.3 | B78: Benefícios Mensais e Diários | E78: =E71 -> 674.98
A79: TOTAL DO MÓDULO 2 | E79: =SUM(E76:E78) -> 1445.64
A81: MÓDULO 3: PROVISÃO PARA RESCISÃO
A82: Provisão para Rescisão
A83: 3 | B83: Provisão para Rescisão | D83: % | E83: Valor (R$)
A84: A | B84: Aviso prévio indenizado | D84: 0.0042 | E84: =ROUND(($E$37)*D84,2) -> 6.73
A85: B | B85: Incidência do FGTS sobre o aviso prévio indenizado | D85: 0.0003 | E85: =ROUND(($E$37)*D85,2) -> 0.48
A86: C | B86: Multa do FGTS do aviso prévio indenizado | D86: 0.0435 | E86: =ROUND(($E$37)*D86,2) -> 69.67
A87: D | B87: Aviso prévio trabalhado | D87: 0.0194 | E87: =ROUND(($E$37)*D87,2) -> 31.07
A88: E | B88: Incidência do submódulo 2.2 sobre o aviso prévio trabalhado | D88: 0.0072 | E88: =ROUND(($E$37)*D88,2) -> 11.53
A89: F | B89: Multa do FGTS do aviso prévio trabalhado | D89: 0.0065 | E89: =ROUND(($E$37)*D89,2) -> 10.41
A90: SUBTOTAL DO MÓDULO 3 | D90: =SUM(D84:D89) -> 0.0811 | E90: =SUM(E84:E89) -> 129.89
A91: G | B91: Incidência do submódulo 2.2 sobre o módulo 3 | D91: 0.03 | E91: =ROUND(($E$37)*D91,2) -> 48.05
A92: TOTAL DO MÓDULO 3 | D92: =SUM(D90:D91) -> 0.1111 | E92: =SUM(E90:E91) -> 177.94
D93: ]
A94: MÓDULO 4: CUSTO DE REPOSIÇÃO DO PROFISSIONAL AUSENTE
A95: Submódulo 4.1 – Ausências Legais
A96: 4.1 | B96: Ausências Legais | D96: % | E96: Valor (R$)
A97: A | B97: Férias | D97: 0.0833 | E97: =$E$37*$D97 -> 133.41
A98: B | B98: Ausências Legais | D98: 0.004 | E98: =$E$37*$D98 -> 6.41
A99: C | B99: Licença-Paternidade | D99: 0.0002 | E99: =$E$37*$D99 -> 0.32
A100: D | B100: Ausência por acidente de trabalho | D100: 0.0002 | E100: =$E$37*$D100 -> 0.32
A101: E | B101: Afastamento Maternidade 120 dias | D101: 0.0007 | E101: =$E$37*$D101 -> 1.12
A102: F | B102: Afastamento Maternidade Prorrogado (60 dias) | D102: 0.0002 | E102: =$E$37*$D102 -> 0.32
A103: G | B103: Outros (especificar) | D103: 0 | E103: =$E$37*$D103 -> 0
A104: SUBTOTAL DO SUBMÓDULO 4.1 | D104: =SUM(D97:D103) -> 0.0886 | E104: =SUM(E97:E103) -> 141.9
A105: H | B105: Incidência do submódulo 2.2 sobre o submódulo 4.1 | D105: 0.0353 | E105: =$E$37*$D105 -> 56.53
A106: TOTAL SUBMÓDULO 4.1 | D106: =SUM(D104:D105) -> 0.1239 | E106: =SUM(E104:E105) -> 198.43
A108: Submódulo 4.2 – Intrajornada
A109: 4.2 | B109: Intrajornada | D109: % | E109: Valor (R$)
A110: A | B110: Intervalo para Repouso ou Alimentação | D110: 0 | E110: 0
B111: TOTAL SUBMÓDULO 4.2 | D111: 0 | E111: 0
A113: QUADRO-RESUMO DO MÓDULO 4 – CUSTO DE REPOSIÇÃO DO PROFISSIONAL AUSENTE
...

Sheet ENCARREGADO
A1: ANEXO I Planilha de custos e formação de preços Modelo para consolidação e apresentação de propostas
A4: Nº Processo | E4: 116381
A5: Licitação Nº | E5: 192/2025
A6: Dia/Hora
A8: Discriminação dos Serviços (dados referentes à contratação)
A9: A | B9: Data de apresentação da proposta (dia/mês/ano)
A10: B | B10: Município/UF | E10: GO
A11: C | B11: Ano Acordo, Convenção ou Sentença Normativa em Dissídio Coletivo | E11: GO000026/2025
A12: D | B12: Nº de meses de execução contratual | E12: 12
A14: Identificação do Serviço
A15: Tipo de Serviço | C15: Unidade de Medida | E15: Qtde. Total a Contratar (em função da un; de medida)
A16: ENCARREGADO | C16: Posto | E16: 1
A18: Mão de obra
A19: Mão de obra vinculada à execução contratual
A20: Dados complementares para composição dos custos referente à mão de obra
A21: 1 | B21: Tipo de serviço (mesmo serviço com características distintas | E21: Encarregado
A22: 2 | B22: Salário Normativo da Categoria Profissional | E22: 2081.98
A23: 3 | B23: Categoria profissional (vinculado à execução contratual) | E23: ENCARREGADO
A24: 4 | B24: Data base da categoria (dia/mês/ano) | E24: 45658
A25: Nota: Deverá ser elaborado um quadro para cada tipo de serviço.
A27: MÓDULO 1: COMPOSIÇÃO DA REMUNERAÇÃO
A28: 1 | B28: Composição da Remuneração | E28: Valor (R$)
A29: A | B29: Salário Base | E29: =E22 -> 2081.98
A30: B | B30: Adicional de Insalubridade | E30: 0
A31: C | B31: Adicional de Periculosidade | E31: 0
A32: D | B32: Adicional Noturno | E32: 0
A33: E | B33: Hora Noturna adicional | E33: 0
A34: F | B34: Adicional de Hora Extra | E34: 0
A35: G | B35: Intervalo Intrajornada | E35: 0
A36: H | B36: Gratificação | E36: 0
A37: TOTAL DO MÓDULO 1 | E37: =SUM(E29:E36) -> 2081.98
A39: MÓDULO 2: ENCARGOS E BENEFÍCIOS ANUAIS, MENSAIS E DIÁRIOS
A40: Submódulo 2.1 – 13º Salário, Férias e Adicional de Férias
A41: 2.1 | B41: 13º Salário e Adicional de Férias | D41: % | E41: Valor (R$)
A42: A | B42: 13º Salário | D42: 0.0833 | E42: =ROUND(($E$37)*D42,2) -> 173.43
A43: B | B43: Adicional de Férias | D43: 0.0278 | E43: =ROUND(($E$37)*D43,2) -> 57.88
B44: TOTAL SUBMÓDULO 2.1 | D44: 0.1111 | E44: =SUM(E42:E43) -> 231.31
A46: Submódulo 2.2 – Encargos previdenciários e FGTS
A47: 2.2 | B47: Encargos previdenciários e FGTS | D47: % | E47: Valor (R$)
A48: A | B48: INSS | D48: 0.2 | E48: =$E$37*D48 -> 416.4
A49: B | B49: Salário Educação | D49: 0.025 | E49: =$E$37*D49 -> 52.05
A50: C | B50: SAT (Seguro Acidente de Trabalho) | D50: 0.0321 | E50: =$E$37*D50 -> 66.83
A51: D | B51: SESC ou SESI | D51: 0.015 | E51: =$E$37*D51 -> 31.23
A52: E | B52: SENAI – SENAC | D52: 0.01 | E52: =$E$37*D52 -> 20.82
A53: F | B53: SEBRAE | D53: 0.006 | E53: =$E$37*D53 -> 12.49
A54: G | B54: INCRA | D54: 0.002 | E54: =$E$37*D54 -> 4.16
A55: H | B55: FGTS | D55: 0.08 | E55: =$E$37*D55 -> 166.56
B56: TOTAL SUBMÓDULO 2.2 | D56: =SUM(D48:D55) -> 0.3701 | E56: =SUM(E48:E55) -> 770.54
A57: Nota (1) – Os percentuais dos encargos previdenciários e FGTS são aqueles estabelecidos pela legislação vigente.
A58: Nota (2) – Percentuais incidentes sobre a remuneração.
A60: Submódulo 2.3 – Benefícios Mensais e Diários
A61: 2.3 | B61: Benefícios Mensais e Diários | E61: Valor (R$)
A62: A | B62: Transporte (22 dias, valor da passagem R$ 4,30) | E62: =44*4.3 -> 189.2
A63: A1 | B63: Desconto legal sobre transporte (máximo 6% do salário-base) | C63: 0.06 | D63: - | E63: =(-E37*6%) -> -124.92
A64: B | B64: Auxílio alimentação | E64: =22*25 -> 550
A65: B1 | B65: Desconto legal sobre alimentação (máximo 11% do valor do beneficio) | E65: =-11%*E64 -> -60.5
A66: C | B66: Seguro de vida e assistência social | E66: 4
A67: D | B67: Amparo Familiar | E67: 16
A68: E | B68: Plano de saúde | E68: 0
A69: F | B69: Custeio Compulsório para Aprendizagem | E69: 72.37
A70: G | B70: Outros (especificar) | E70: 0
B71: TOTAL SUBMÓDULO 2.3 | E71: =SUM(E62:E70) -> 646.15
A72: Nota: o valor informado deverá ser o custo real do insumo (descontado o valor eventualmente pago pelo empregado).
A74: QUADRO-RESUMO DO MÓDULO 2 – ENCARGOS, BENEFÍCIOS ANUAIS, MENSAIS E DIÁRIOS
A75: Módulo 2 – Encargos, Benefícios Anuais, Mensais e Diários | E75: Valor (R$)
A76: 2.1 | B76: 13º Salário e Adicional de Férias | E76: =E44 -> 231.31
A77: 2.2 | B77: Encargos previdenciários e FGTS | E77: =E56 -> 770.54
A78: 2.3 | B78: Benefícios Mensais e Diários | E78: =E71 -> 646.15
A79: TOTAL DO MÓDULO 2 | E79: =SUM(E76:E78) -> 1648
A81: MÓDULO 3: PROVISÃO PARA RESCISÃO
A82: Provisão para Rescisão
A83: 3 | B83: Provisão para Rescisão | D83: % | E83: Valor (R$)
A84: A | B84: Aviso prévio indenizado | D84: 0.0042 | E84: =ROUND(($E$37)*D84,2) -> 8.74
A85: B | B85: Incidência do FGTS sobre o aviso prévio indenizado | D85: 0.0003 | E85: =ROUND(($E$37)*D85,2) -> 0.62
A86: C | B86: Multa do FGTS do aviso prévio indenizado | D86: 0.0435 | E86: =ROUND(($E$37)*D86,2) -> 90.57
A87: D | B87: Aviso prévio trabalhado | D87: 0.0194 | E87: =ROUND(($E$37)*D87,2) -> 40.39
A88: E | B88: Incidência do submódulo 2.2 sobre o aviso prévio trabalhado | D88: 0.0072 | E88: =ROUND(($E$37)*D88,2) -> 14.99
A89: F | B89: Multa do FGTS do aviso prévio trabalhado | D89: 0.0065 | E89: =ROUND(($E$37)*D89,2) -> 13.53
A90: SUBTOTAL DO MÓDULO 3 | D90: =SUM(D84:D89) -> 0.0811 | E90: =SUM(E84:E89) -> 168.84
A91: G | B91: Incidência do submódulo 2.2 sobre o módulo 3 | D91: 0.03 | E91: =ROUND(($E$37)*D91,2) -> 62.46
A92: TOTAL DO MÓDULO 3 | D92: =SUM(D90:D91) -> 0.1111 | E92: =SUM(E90:E91) -> 231.3
D93: ]
A94: MÓDULO 4: CUSTO DE REPOSIÇÃO DO PROFISSIONAL AUSENTE
A95: Submódulo 4.1 – Ausências Legais
A96: 4.1 | B96: Ausências Legais | D96: % | E96: Valor (R$)
A97: A | B97: Férias | D97: 0.0833 | E97: =$E$37*$D97 -> 173.43
A98: B | B98: Ausências Legais | D98: 0.004 | E98: =$E$37*$D98 -> 8.33
A99: C | B99: Licença-Paternidade | D99: 0.0002 | E99: =$E$37*$D99 -> 0.42
A100: D | B100: Ausência por acidente de trabalho | D100: 0.0002 | E100: =$E$37*$D100 -> 0.42
A101: E | B101: Afastamento Maternidade 120 dias | D101: 0.0007 | E101: =$E$37*$D101 -> 1.46
A102: F | B102: Afastamento Maternidade Prorrogado (60 dias) | D102: 0.0002 | E102: =$E$37*$D102 -> 0.42
A103: G | B103: Outros (especificar) | D103: 0 | E103: =$E$37*$D103 -> 0
A104: SUBTOTAL DO SUBMÓDULO 4.1 | D104: =SUM(D97:D103) -> 0.0886 | E104: =SUM(E97:E103) -> 184.48
A105: H | B105: Incidência do submódulo 2.2 sobre o submódulo 4.1 | D105: 0.0353 | E105: =$E$37*$D105 -> 73.49
A106: TOTAL SUBMÓDULO 4.1 | D106: =SUM(D104:D105) -> 0.1239 | E106: =SUM(E104:E105) -> 257.97
A108: Submódulo 4.2 – Intrajornada
A109: 4.2 | B109: Intrajornada | D109: % | E109: Valor (R$)
A110: A | B110: Intervalo para Repouso ou Alimentação | D110: 0 | E110: 0
B111: TOTAL SUBMÓDULO 4.2 | D111: 0 | E111: 0
A113: QUADRO-RESUMO DO MÓDULO 4 – CUSTO DE REPOSIÇÃO DO PROFISSIONAL AUSENTE
...

Sheet ZELADOR
A1: ANEXO I Planilha de custos e formação de preços Modelo para consolidação e apresentação de propostas
A4: Nº Processo | E4: 116381
A5: Licitação Nº | E5: 192/2025
A6: Dia/Hora
A8: Discriminação dos Serviços (dados referentes à contratação)
A9: A | B9: Data de apresentação da proposta (dia/mês/ano)
A10: B | B10: Município/UF | E10: GO
A11: C | B11: Ano Acordo, Convenção ou Sentença Normativa em Dissídio Coletivo | E11: GO000026/2025
A12: D | B12: Nº de meses de execução contratual | E12: 12
A14: Identificação do Serviço
A15: Tipo de Serviço | C15: Unidade de Medida | E15: Qtde. Total a Contratar (em função da un; de medida)
A16: ZELADOR | C16: Posto | E16: 1
A18: Mão de obra
A19: Mão de obra vinculada à execução contratual
A20: Dados complementares para composição dos custos referente à mão de obra
A21: 1 | B21: Tipo de serviço (mesmo serviço com características distintas | E21: ZELADOR
A22: 2 | B22: Salário Normativo da Categoria Profissional | E22: 2081.98
A23: 3 | B23: Categoria profissional (vinculado à execução contratual) | E23: ZELADOR
A24: 4 | B24: Data base da categoria (dia/mês/ano) | E24: 45658
A25: Nota: Deverá ser elaborado um quadro para cada tipo de serviço.
A27: MÓDULO 1: COMPOSIÇÃO DA REMUNERAÇÃO
A28: 1 | B28: Composição da Remuneração | E28: Valor (R$)
A29: A | B29: Salário Base | E29: =E22 -> 2081.98
A30: B | B30: Adicional de Insalubridade | E30: 0
A31: C | B31: Adicional de Periculosidade | E31: 0
A32: D | B32: Adicional Noturno | E32: 0
A33: E | B33: Hora Noturna adicional | E33: 0
A34: F | B34: Adicional de Hora Extra | E34: 0
A35: G | B35: Intervalo Intrajornada | E35: 0
A36: H | B36: Gratificação | E36: 0
A37: TOTAL DO MÓDULO 1 | E37: =SUM(E29:E36) -> 2081.98
A39: MÓDULO 2: ENCARGOS E BENEFÍCIOS ANUAIS, MENSAIS E DIÁRIOS
A40: Submódulo 2.1 – 13º Salário, Férias e Adicional de Férias
A41: 2.1 | B41: 13º Salário e Adicional de Férias | D41: % | E41: Valor (R$)
A42: A | B42: 13º Salário | D42: 0.0833 | E42: =ROUND(($E$37)*D42,2) -> 173.43
A43: B | B43: Adicional de Férias | D43: 0.0278 | E43: =ROUND(($E$37)*D43,2) -> 57.88
B44: TOTAL SUBMÓDULO 2.1 | D44: 0.1111 | E44: =SUM(E42:E43) -> 231.31
A46: Submódulo 2.2 – Encargos previdenciários e FGTS
A47: 2.2 | B47: Encargos previdenciários e FGTS | D47: % | E47: Valor (R$)
A48: A | B48: INSS | D48: 0.2 | E48: =$E$37*D48 -> 416.4
A49: B | B49: Salário Educação | D49: 0.025 | E49: =$E$37*D49 -> 52.05
A50: C | B50: SAT (Seguro Acidente de Trabalho) | D50: 0.0321 | E50: =$E$37*D50 -> 66.83
A51: D | B51: SESC ou SESI | D51: 0.015 | E51: =$E$37*D51 -> 31.23
A52: E | B52: SENAI – SENAC | D52: 0.01 | E52: =$E$37*D52 -> 20.82
A53: F | B53: SEBRAE | D53: 0.006 | E53: =$E$37*D53 -> 12.49
A54: G | B54: INCRA | D54: 0.002 | E54: =$E$37*D54 -> 4.16
A55: H | B55: FGTS | D55: 0.08 | E55: =$E$37*D55 -> 166.56
B56: TOTAL SUBMÓDULO 2.2 | D56: =SUM(D48:D55) -> 0.3701 | E56: =SUM(E48:E55) -> 770.54
A57: Nota (1) – Os percentuais dos encargos previdenciários e FGTS são aqueles estabelecidos pela legislação vigente.
A58: Nota (2) – Percentuais incidentes sobre a remuneração.
A60: Submódulo 2.3 – Benefícios Mensais e Diários
A61: 2.3 | B61: Benefícios Mensais e Diários | E61: Valor (R$)
A62: A | B62: Transporte (22 dias, valor da passagem R$ 4,30) | E62: =44*4.3 -> 189.2
A63: A1 | B63: Desconto legal sobre transporte (máximo 6% do salário-base) | C63: 0.06 | D63: - | E63: =(-E37*6%) -> -124.92
A64: B | B64: Auxílio alimentação | E64: =22*25 -> 550
A65: B1 | B65: Desconto legal sobre alimentação (máximo 11% do valor do beneficio) | E65: =-11%*E64 -> -60.5
A66: C | B66: Seguro de vida e assistência social | E66: 4
A67: D | B67: Amparo Familiar | E67: 16
A68: E | B68: Plano de saúde | E68: 0
A69: F | B69: Custeio Compulsório para Aprendizagem | E69: 72.37
A70: G | B70: Outros (especificar) | E70: 0
B71: TOTAL SUBMÓDULO 2.3 | E71: =SUM(E62:E70) -> 646.15
A72: Nota: o valor informado deverá ser o custo real do insumo (descontado o valor eventualmente pago pelo empregado).
A74: QUADRO-RESUMO DO MÓDULO 2 – ENCARGOS, BENEFÍCIOS ANUAIS, MENSAIS E DIÁRIOS
A75: Módulo 2 – Encargos, Benefícios Anuais, Mensais e Diários | E75: Valor (R$)
A76: 2.1 | B76: 13º Salário e Adicional de Férias | E76: =E44 -> 231.31
A77: 2.2 | B77: Encargos previdenciários e FGTS | E77: =E56 -> 770.54
A78: 2.3 | B78: Benefícios Mensais e Diários | E78: =E71 -> 646.15
A79: TOTAL DO MÓDULO 2 | E79: =SUM(E76:E78) -> 1648
A81: MÓDULO 3: PROVISÃO PARA RESCISÃO
A82: Provisão para Rescisão
A83: 3 | B83: Provisão para Rescisão | D83: % | E83: Valor (R$)
A84: A | B84: Aviso prévio indenizado | D84: 0.0042 | E84: =ROUND(($E$37)*D84,2) -> 8.74
A85: B | B85: Incidência do FGTS sobre o aviso prévio indenizado | D85: 0.0003 | E85: =ROUND(($E$37)*D85,2) -> 0.62
A86: C | B86: Multa do FGTS do aviso prévio indenizado | D86: 0.0435 | E86: =ROUND(($E$37)*D86,2) -> 90.57
A87: D | B87: Aviso prévio trabalhado | D87: 0.0194 | E87: =ROUND(($E$37)*D87,2) -> 40.39
A88: E | B88: Incidência do submódulo 2.2 sobre o aviso prévio trabalhado | D88: 0.0072 | E88: =ROUND(($E$37)*D88,2) -> 14.99
A89: F | B89: Multa do FGTS do aviso prévio trabalhado | D89: 0.0065 | E89: =ROUND(($E$37)*D89,2) -> 13.53
A90: SUBTOTAL DO MÓDULO 3 | D90: =SUM(D84:D89) -> 0.0811 | E90: =SUM(E84:E89) -> 168.84
A91: G | B91: Incidência do submódulo 2.2 sobre o módulo 3 | D91: 0.03 | E91: =ROUND(($E$37)*D91,2) -> 62.46
A92: TOTAL DO MÓDULO 3 | D92: =SUM(D90:D91) -> 0.1111 | E92: =SUM(E90:E91) -> 231.3
D93: ]
A94: MÓDULO 4: CUSTO DE REPOSIÇÃO DO PROFISSIONAL AUSENTE
A95: Submódulo 4.1 – Ausências Legais
A96: 4.1 | B96: Ausências Legais | D96: % | E96: Valor (R$)
A97: A | B97: Férias | D97: 0.0833 | E97: =$E$37*$D97 -> 173.43
A98: B | B98: Ausências Legais | D98: 0.004 | E98: =$E$37*$D98 -> 8.33
A99: C | B99: Licença-Paternidade | D99: 0.0002 | E99: =$E$37*$D99 -> 0.42
A100: D | B100: Ausência por acidente de trabalho | D100: 0.0002 | E100: =$E$37*$D100 -> 0.42
A101: E | B101: Afastamento Maternidade 120 dias | D101: 0.0007 | E101: =$E$37*$D101 -> 1.46
A102: F | B102: Afastamento Maternidade Prorrogado (60 dias) | D102: 0.0002 | E102: =$E$37*$D102 -> 0.42
A103: G | B103: Outros (especificar) | D103: 0 | E103: =$E$37*$D103 -> 0
A104: SUBTOTAL DO SUBMÓDULO 4.1 | D104: =SUM(D97:D103) -> 0.0886 | E104: =SUM(E97:E103) -> 184.48
A105: H | B105: Incidência do submódulo 2.2 sobre o submódulo 4.1 | D105: 0.0353 | E105: =$E$37*$D105 -> 73.49
A106: TOTAL SUBMÓDULO 4.1 | D106: =SUM(D104:D105) -> 0.1239 | E106: =SUM(E104:E105) -> 257.97
A108: Submódulo 4.2 – Intrajornada
A109: 4.2 | B109: Intrajornada | D109: % | E109: Valor (R$)
A110: A | B110: Intervalo para Repouso ou Alimentação | D110: 0 | E110: 0
B111: TOTAL SUBMÓDULO 4.2 | D111: 0 | E111: 0
A113: QUADRO-RESUMO DO MÓDULO 4 – CUSTO DE REPOSIÇÃO DO PROFISSIONAL AUSENTE
...

Sheet RECEPCIONISTA
A1: ANEXO I Planilha de custos e formação de preços Modelo para consolidação e apresentação de propostas
A4: Nº Processo | E4: 116381
A5: Licitação Nº | E5: 192/2025
A6: Dia/Hora
A8: Discriminação dos Serviços (dados referentes à contratação)
A9: A | B9: Data de apresentação da proposta (dia/mês/ano)
A10: B | B10: Município/UF | E10: GO
A11: C | B11: Ano Acordo, Convenção ou Sentença Normativa em Dissídio Coletivo | E11: GO000026/2025
A12: D | B12: Nº de meses de execução contratual | E12: 12
A14: Identificação do Serviço
A15: Tipo de Serviço | C15: Unidade de Medida | E15: Qtde. Total a Contratar (em função da un; de medida)
A16: RECEPCIONISTA | C16: Posto | E16: 2
A18: Mão de obra
A19: Mão de obra vinculada à execução contratual
A20: Dados complementares para composição dos custos referente à mão de obra
A21: 1 | B21: Tipo de serviço (mesmo serviço com características distintas | E21: Recepcionista
A22: 2 | B22: Salário Normativo da Categoria Profissional | E22: 1601.55
A23: 3 | B23: Categoria profissional (vinculado à execução contratual) | E23: Recepcionista
A24: 4 | B24: Data base da categoria (dia/mês/ano) | E24: 45658
A25: Nota: Deverá ser elaborado um quadro para cada tipo de serviço.
A27: MÓDULO 1: COMPOSIÇÃO DA REMUNERAÇÃO
A28: 1 | B28: Composição da Remuneração | E28: Valor (R$)
A29: A | B29: Salário Base | E29: =E22 -> 1601.55
A30: B | B30: Adicional de Insalubridade | E30: 0
A31: C | B31: Adicional de Periculosidade | E31: 0
A32: D | B32: Adicional Noturno | E32: 0
A33: E | B33: Hora Noturna adicional | E33: 0
A34: F | B34: Adicional de Hora Extra | E34: 0
A35: G | B35: Intervalo Intrajornada | E35: 0
A36: H | B36: Gratificação | E36: 0
A37: TOTAL DO MÓDULO 1 | E37: =SUM(E29:E36) -> 1601.55
A39: MÓDULO 2: ENCARGOS E BENEFÍCIOS ANUAIS, MENSAIS E DIÁRIOS
A40: Submódulo 2.1 – 13º Salário, Férias e Adicional de Férias
A41: 2.1 | B41: 13º Salário e Adicional de Férias | D41: % | E41: Valor (R$)
A42: A | B42: 13º Salário | D42: 0.0833 | E42: =ROUND(($E$37)*D42,2) -> 133.41
A43: B | B43: Adicional de Férias | D43: 0.0278 | E43: =ROUND(($E$37)*D43,2) -> 44.52
B44: TOTAL SUBMÓDULO 2.1 | D44: 0.1111 | E44: =SUM(E42:E43) -> 177.93
A46: Submódulo 2.2 – Encargos previdenciários e FGTS
A47: 2.2 | B47: Encargos previdenciários e FGTS | D47: % | E47: Valor (R$)
A48: A | B48: INSS | D48: 0.2 | E48: =$E$37*D48 -> 320.31
A49: B | B49: Salário Educação | D49: 0.025 | E49: =$E$37*D49 -> 40.04
A50: C | B50: SAT (Seguro Acidente de Trabalho) | D50: 0.0321 | E50: =$E$37*D50 -> 51.41
A51: D | B51: SESC ou SESI | D51: 0.015 | E51: =$E$37*D51 -> 24.02
A52: E | B52: SENAI – SENAC | D52: 0.01 | E52: =$E$37*D52 -> 16.02
A53: F | B53: SEBRAE | D53: 0.006 | E53: =$E$37*D53 -> 9.61
A54: G | B54: INCRA | D54: 0.002 | E54: =$E$37*D54 -> 3.2
A55: H | B55: FGTS | D55: 0.08 | E55: =$E$37*D55 -> 128.12
B56: TOTAL SUBMÓDULO 2.2 | D56: =SUM(D48:D55) -> 0.3701 | E56: =SUM(E48:E55) -> 592.73
A57: Nota (1) – Os percentuais dos encargos previdenciários e FGTS são aqueles estabelecidos pela legislação vigente.
A58: Nota (2) – Percentuais incidentes sobre a remuneração.
A60: Submódulo 2.3 – Benefícios Mensais e Diários
A61: 2.3 | B61: Benefícios Mensais e Diários | E61: Valor (R$)
A62: A | B62: Transporte (22 dias, valor da passagem R$ 4,30) | E62: =44*4.3 -> 189.2
A63: A1 | B63: Desconto legal sobre transporte (máximo 6% do salário-base) | C63: 0.06 | D63: - | E63: =(-E37*6%) -> -96.09
A64: B | B64: Auxílio alimentação | E64: =22*25 -> 550
A65: B1 | B65: Desconto legal sobre alimentação (máximo 11% do valor do beneficio) | E65: =-11%*E64 -> -60.5
A66: C | B66: Seguro de vida e assistência social | E66: 4
A67: D | B67: Amparo Familiar | E67: 16
A68: E | B68: Plano de saúde | E68: 0
A69: F | B69: Custeio Compulsório para Aprendizagem | E69: 72.37
A70: G | B70: Outros (especificar) | E70: 0
B71: TOTAL SUBMÓDULO 2.3 | E71: =SUM(E62:E70) -> 674.98
A72: Nota: o valor informado deverá ser o custo real do insumo (descontado o valor eventualmente pago pelo empregado).
A74: QUADRO-RESUMO DO MÓDULO 2 – ENCARGOS, BENEFÍCIOS ANUAIS, MENSAIS E DIÁRIOS
A75: Módulo 2 – Encargos, Benefícios Anuais, Mensais e Diários | E75: Valor (R$)
A76: 2.1 | B76: 13º Salário e Adicional de Férias | E76: =E44 -> 177.93
A77: 2.2 | B77: Encargos previdenciários e FGTS | E77: =E56 -> 592.73
A78: 2.3 | B78: Benefícios Mensais e Diários | E78: =E71 -> 674.98
A79: TOTAL DO MÓDULO 2 | E79: =SUM(E76:E78) -> 1445.64
A81: MÓDULO 3: PROVISÃO PARA RESCISÃO
A82: Provisão para Rescisão
A83: 3 | B83: Provisão para Rescisão | D83: % | E83: Valor (R$)
A84: A | B84: Aviso prévio indenizado | D84: 0.0042 | E84: =ROUND(($E$37)*D84,2) -> 6.73
A85: B | B85: Incidência do FGTS sobre o aviso prévio indenizado | D85: 0.0003 | E85: =ROUND(($E$37)*D85,2) -> 0.48
A86: C | B86: Multa do FGTS do aviso prévio indenizado | D86: 0.0435 | E86: =ROUND(($E$37)*D86,2) -> 69.67
A87: D | B87: Aviso prévio trabalhado | D87: 0.0194 | E87: =ROUND(($E$37)*D87,2) -> 31.07
A88: E | B88: Incidência do submódulo 2.2 sobre o aviso prévio trabalhado | D88: 0.0072 | E88: =ROUND(($E$37)*D88,2) -> 11.53
A89: F | B89: Multa do FGTS do aviso prévio trabalhado | D89: 0.0065 | E89: =ROUND(($E$37)*D89,2) -> 10.41
A90: SUBTOTAL DO MÓDULO 3 | D90: =SUM(D84:D89) -> 0.0811 | E90: =SUM(E84:E89) -> 129.89
A91: G | B91: Incidência do submódulo 2.2 sobre o módulo 3 | D91: 0.03 | E91: =ROUND(($E$37)*D91,2) -> 48.05
A92: TOTAL DO MÓDULO 3 | D92: =SUM(D90:D91) -> 0.1111 | E92: =SUM(E90:E91) -> 177.94
D93: ]
A94: MÓDULO 4: CUSTO DE REPOSIÇÃO DO PROFISSIONAL AUSENTE
A95: Submódulo 4.1 – Ausências Legais
A96: 4.1 | B96: Ausências Legais | D96: % | E96: Valor (R$)
A97: A | B97: Férias | D97: 0.0833 | E97: =$E$37*$D97 -> 133.41
A98: B | B98: Ausências Legais | D98: 0.004 | E98: =$E$37*$D98 -> 6.41
A99: C | B99: Licença-Paternidade | D99: 0.0002 | E99: =$E$37*$D99 -> 0.32
A100: D | B100: Ausência por acidente de trabalho | D100: 0.0002 | E100: =$E$37*$D100 -> 0.32
A101: E | B101: Afastamento Maternidade 120 dias | D101: 0.0007 | E101: =$E$37*$D101 -> 1.12
A102: F | B102: Afastamento Maternidade Prorrogado (60 dias) | D102: 0.0002 | E102: =$E$37*$D102 -> 0.32
A103: G | B103: Outros (especificar) | D103: 0 | E103: =$E$37*$D103 -> 0
A104: SUBTOTAL DO SUBMÓDULO 4.1 | D104: =SUM(D97:D103) -> 0.0886 | E104: =SUM(E97:E103) -> 141.9
A105: H | B105: Incidência do submódulo 2.2 sobre o submódulo 4.1 | D105: 0.0353 | E105: =$E$37*$D105 -> 56.53
A106: TOTAL SUBMÓDULO 4.1 | D106: =SUM(D104:D105) -> 0.1239 | E106: =SUM(E104:E105) -> 198.43
A108: Submódulo 4.2 – Intrajornada
A109: 4.2 | B109: Intrajornada | D109: % | E109: Valor (R$)
A110: A | B110: Intervalo para Repouso ou Alimentação | D110: 0 | E110: 0
B111: TOTAL SUBMÓDULO 4.2 | D111: 0 | E111: 0
A113: QUADRO-RESUMO DO MÓDULO 4 – CUSTO DE REPOSIÇÃO DO PROFISSIONAL AUSENTE
...

Sheet EPI´s
A1: ANEXO I – DO TERMO DE REFERÊNCIA | E1: VALOR UNITÁRIO MÁXIMO ACEITÁVEL | F1: Frequência: Anual
A2: RELAÇÃO EPIs
A3: ITEM | B3: ESPECIFICAÇÃO TÉCNICA | C3: UNIDADE | D3: QTDE (a ser reposta em caso de danos | E3: PREÇO UNITÁRIO (R$) | F3: PREÇO TOTAL (R$)
A4: 1 | B4: Caixa de primeiros socorros, com mais de 65 itens, incluso bolsa ou maleta | C4: unidade | D4: 2 | E4: 94.61205 | F4: =E4*D4 -> 189.22
A5: 2 | B5: Luva PVC longa emborrachada 70 cm | C5: unidade | D5: 2 | E5: 50.68089 | F5: =E5*D5 -> 101.36
A6: 3 | B6: Máscara respiratória sem válvula PFF2. Pacote com 100 unidades | C6: pacote | D6: 2 | E6: 175.34556 | F6: =E6*D6 -> 350.7
A7: 4 | B7: Óculos de Segurança | C7: unidade | D7: 5 | E7: 2.79045 | F7: =E7*D7 -> 13.95
A8: 5 | B8: Par de luvas de silicone de alta temperatura | C8: unidade | D8: 3 | E8: 42.78339 | F8: =E8*D8 -> 128.34
A9: 6 | B9: Touca de proteção TNT descartável pacote 100 unidades | C9: pacote | D9: 3 | E9: 10.96173 | F9: =E9*D9 -> 32.88
C13: QTD | D13: Postos | E13: Valor | F13: Unit. Anual | G13: Unit. Mensal
C14: 8 | D14: Aux. Limpeza | E14: =SUM(F4:F9) -> 816.46 | F14: =E14/C14 -> 102.06 | G14: =F14/12 -> 8.51

Sheet MATERIAIS
A1: ANEXO I – DO TERMO DE REFERÊNCIA | E1: VALOR UNITÁRIO MÁXIMO ACEITÁVEL | F1: Frequência: Mensal
A2: RELAÇÃO MATERIAIS DE LIMPEZA E MANUTENÇÃO (MENSAL)
A3: ITEM | B3: ESPECIFICAÇÃO TÉCNICA | C3: UNIDADE | D3: QTDE ESTIMADA MENSAL | E3: PREÇO UNITÁRIO (R$) | F3: PREÇO TOTAL (R$)
A4: 1 | B4: Acendedor (fósforo) CX C/240 PALITOS | C4: Caixa com 240 | D4: 2 | E4: 4.46472 | F4: =E4*D4 -> 8.93
A5: 2 | B5: Água sanitária, galão de 5 litros | C5: Galão 5 Litros | D5: 8 | E5: 15.00525 | F5: =E5*D5 -> 120.08
A6: 3 | B6: Álcool etilico 70º líquido 1L | C6: 1 Litro | D6: 20 | E6: 7.71849 | F6: =E6*D6 -> 154.4
A7: 4 | B7: Álcool etilico hidratado 70% em gel 1L | C7: 1 Litro | D7: 8 | E7: 16.59528 | F7: =E7*D7 -> 132.8
A8: 5 | B8: Aromatizador de ambiente em aerossol 360ml | C8: 360 ml | D8: 20 | E8: 11.53035 | F8: =E8*D8 -> 230.6
A9: 6 | B9: Avental de Limpeza em plástico transparente, pacote com 10 unidades | C9: pacote | D9: 1 | E9: 22.2183 | F9: =E9*D9 -> 22.22
A10: 7 | B10: Cloro - Hiproclorito de sódio, contendo 5% de cloro ativo, solução aquosa 5 L | C10: unidade | D10: 2 | E10: 20.10177 | F10: =E10*D10 -> 40.2
A11: 8 | B11: Desinfetante para banheiro sanitário 5l | C11: Galão 5 Litros | D11: 20 | E11: 14.67882 | F11: =E11*D11 -> 293.6
A12: 9 | B12: Detergente líquido 500ml | C12: 500 ml | D12: 20 | E12: 1.59 | F12: =E12*D12 -> 31.8
A13: 10 | B13: Detergente líquido neutro 5l | C13: Galão 5 Litros | D13: 5 | E13: 20.41767 | F13: =E13*D13 -> 102.1
A14: 11 | B14: Desodorizador sanitário (pedra sanitária) | C14: unidade | D14: 20 | E14: 1.4742 | F14: =E14*D14 -> 29.4
A15: 12 | B15: Esponja fibra verde para limpeza pesada | C15: unidade | D15: 10 | E15: 2.02176 | F15: =E15*D15 -> 20.2
... A46: 43 | B46: Insumos para manutenção (parafusos, porcas, veda rosca, ferramentas adicionais, plugues de tomada, material de ferragista e hidráulico em geral, etc) | C46: unidade | D46: 1 | E46: 200 | F46: =E46*D46 -> 200
C50: QTD | D50: Postos | E50: Valor | F50: Unit. Mensal
C51: 8 | D51: Aux. Limpeza | E51: =SUM(F4:F45) -> 5036.5 | F51: =E51/C51 -> 629.56
C52: 1 | D52: Zelador | E52: =F46 -> 200 | F52: =E52/C52 -> 200

Sheet EQUIPAMENTOS
A1: ANEXO I – DO TERMO DE REFERÊNCIA | E1: VALOR UNITÁRIO MÁXIMO ACEITÁVEL | F1: Frequência: Anual
A2: RELAÇÃO EQUIPAMENTOS DURÁVEIS
A3: ITEM | B3: ESPECIFICAÇÃO TÉCNICA | C3: UNIDADE | D3: QTDE (a ser reposta em caso de danos | E3: PREÇO UNITÁRIO (R$) | F3: PREÇO TOTAL (R$)
A4: 1 | B4: ASPIRADOR: de pó/ água profissional com acessórios necessários | C4: unidade | D4: 1 | E4: 582.36165 | F4: =E4*D4 -> 582.36
A5: 2 | B5: CARRO FUNCIONAL: para limpeza com balde cavalete e espremedor volume: 4 baldes e 1 saco de lixo 1 tampão para o saco, 2 bandejas (25x27x11cm), 1 Mops clipe com apoio espremedor dimensões: 0,93x0,75x0,45 centímetros, carro funcional de limpeza com bolsa de vinil | C5: unidade | D5: 2 | E5: 1492.5117 | F5: =E5*D5 -> 2985.02
A6: 3 | B6: ESCADA: doméstica articulada, material ferro/aço, número de degraus: 5 unidades; revestimento dos degraus: tapete antiderrapante, tipo pintura epóxi, tipo dos degraus: articuláveis | C6: unidade | D6: 2 | E6: 638.0127 | F6: =E6*D6 -> 1276.02
A7: 4 | B7: KIT LIMPA VIDROS: Composto de no mínimo: 1 lavador de vidros, 1 cabo de fixação, 1 guia removível de 25 cm, 1 guia removível de 35 cm, 1 raspador de segurança com lâminas, 1 lâmina de borracha 91 cm, haste com ponteira 80cm | C7: unidade | D7: 5 | E7: 257.82705 | F7: =E7*D7 -> 1289.15
A8: 5 | B8: Cesto de lixo 60 lts | C8: unidade | D8: 3 | E8: 75 | F8: =E8*D8 -> 225
A9: 6 | B9: Cesto de lixo 100 lts | C9: unidade | D9: 2 | E9: 80.29125 | F9: =E9*D9 -> 160.58
A10: 7 | B10: Contentor de lixo, pedal em aço e tampa 120l | C10: unidade | D10: 1 | E10: 369.69777 | F10: =E10*D10 -> 369.7
A11: 8 | B11: Desentupidor de pia com bocal em plástico flexível e cabo de madeira reto lixado ou injetado de 15 a 20cm | C11: unidade | D11: 4 | E11: 6.69708 | F11: =E11*D11 -> 26.8
A12: 9 | B12: Desentupidor de vaso sanitário com bocal em plástico flexível e cabo de madeira reto lixado ou plastificado de 60 a 70 cm | C12: unidade | D12: 5 | E12: 6.69708 | F12: =E12*D12 -> 33.5
A13: 10 | B13: Extensão elétrica, 10m | C13: unidade | D13: 2 | E13: 17.29 | F13: =E13*D13 -> 34.58
A14: 11 | B14: Mangueira em PVC-traçado em nylon com diâmetro de 1/2 polegada, espessura 2mm e pressão máxima de 6 bar, na cor verde, com engate rosqueador e esguicho. Tamanho 30 metros | C14: unidade | D14: 1 | E14: 236 | F14: =E14*D14 -> 236
A15: 12 | B15: Pá Para Lixo Plástica Com Cabo Longo 60cm | C15: unidade | D15: 5 | E15: 13.44681 | F15: =E15*D15 -> 67.25
... A20: 17 | B20: CAIXA DE FERRAMENTAS: resistente, portátil e organizada, adequada à realização de atividades rotineiras de manutenção predial preventiva e corretiva, ajustes em mobiliário e estrutura física. Deverá conter, no mínimo, os seguintes itens: 1 alicate universal com isolação; 1 chave inglesa ajustável; 1 conjunto de chaves de fenda; 1 conjunto de chaves Phillips; 1martelo de unha; 1 trena (mínimo 5 metros); 1 estilete retrátil; 1 jogo de chave estrela; 1 lanterna de LED recarregável; 1 fita isolante; 1 fita veda rosca; 1 conjunto de buchas e parafusos variados; 1 chave de teste de rede elétrica; 1 serra manual tipo arco; 1 maleta ou caixa plástica reforçada e com compartimentos internos, alça e fechamento com trava de segurança | C20: unidade | D20: 1 | E20: 350 | F20: =E20*D20 -> 350
C22: QTD | D22: Postos | E22: Valor | F22: Unit. Anual | G22: Unit. Mensal
C23: 8 | D23: Aux. Limpeza | E23: =SUM(F4:F18) -> 7890.56 | F23: =E23/C23 -> 986.32 | G23: =F23/12 -> 82.19
C24: 4 | D24: Copeira | E24: =F19 -> 979.92 | F24: =E24/C24 -> 244.98 | G24: =F24/12 -> 20.42
C25: 1 | D25: Zelador | E25: =F20 -> 350 | F25: =E25/C25 -> 350 | G25: =F25/12 -> 29.17

Sheet UTENSÍLIOS
A1: ANEXO I – DO TERMO DE REFERÊNCIA | E1: VALOR UNITÁRIO MÁXIMO ACEITÁVEL | F1: Frequência: Mensal
A2: RELAÇÃO UTENSÍLIOS DURÁVEIS
A3: ITEM | B3: ESPECIFICAÇÃO TÉCNICA | C3: UNIDADE | D3: QTDE (a ser reposta em caso de danos | E3: PREÇO UNITÁRIO (R$) | F3: PREÇO TOTAL (R$)
A4: 1 | B4: Balde em plástico reforçado em polipropileno na cor preta com alça de metal e capacidade para 15 litros | C4: unidade | D4: 5 | E4: 16.17408 | F4: =E4*D4 -> 80.87
A5: 2 | B5: Balde em plástico reforçado em polipropileno na cor preta com alça de metal e capacidade para 20 litros | C5: unidade | D5: 2 | E5: 20.28078 | F5: =E5*D5 -> 40.56
A6: 3 | B6: Borrifador Plástico 500ml | C6: unidade | D6: 10 | E6: 8.72937 | F6: =E6*D6 -> 87.3
A7: 4 | B7: Escova sanitária em plástico com cerdas de nylon e base de madeira ou plástico | C7: unidade | D7: 4 | E7: 8.20287 | F7: =E7*D7 -> 32.8
A8: 5 | B8: Espanador de Mesa | C8: unidade | D8: 2 | E8: 10.27728 | F8: =E8*D8 -> 20.56
A9: 6 | B9: Mini Lock com cabo | C9: unidade | E9: 39.08736 | F9: =E9*D9 -> 0
A10: 7 | B10: RODO: de cepo de madeira com c/ 2 borrachas de no mínimo 5mm e 40 cm de comprimento com cabo de madeira de 1º qualidade reto e lixado ou plastificado de 1,20 m | C10: unidade | D10: 8 | E10: 9.76131 | F10: =E10*D10 -> 78.08
A11: 8 | B11: RODO: de cepo de madeira com c/ 2 borrachas de no mínimo 5mm e 60 cm de comprimento com cabo de madeira de 1º qualidade reto e lixado ou plastificado de 1,20 m | C11: unidade | D11: 2 | E11: 13.48893 | F11: =E11*D11 -> 26.98
A12: 9 | B12: RODO: de cepo de madeira com c/ 2 borrachas de no mínimo 5mm e 80 cm de comprimento com cabo de madeira de 1º qualidade reto e lixado ou plastificado de 1,20 m | C12: unidade | D12: 1 | E12: 44.36289 | F12: =E12*D12 -> 44.36
A13: 10 | B13: Rodo para pia | C13: unidade | D13: 2 | E13: 6.76026 | F13: =E13*D13 -> 13.52
A14: 11 | B14: VASSOURA DE PELO: com base em polipropileno de 40 cm e cabo em madeira lixado ou plastificado, rosqueável de 1,20m | C14: unidade | D14: 3 | E14: 67.392 | F14: =E14*D14 -> 202.17
A15: 12 | B15: Vassoura em Nylon Noviça 21cm com Cabo de 120cm | C15: unidade | D15: 5 | E15: 14.29 | F15: =E15*D15 -> 71.45
A16: 13 | B16: VASSOURA DE TETO: tipo tira teia | C16: unidade | D16: 1 | E16: 70.19298 | F16: =E16*D16 -> 70.19
C20: QTD | D20: Postos | E20: Valor | F20: Unit. Anual | G20: Unit. Mensal
C21: 8 | D21: Aux. Limpeza | E21: =SUM(F4:F16) -> 768.85 | F21: =E21/C21 -> 96.11 | G21: =F21/12 -> 8.01

Sheet Exames e Cursos
A1: ANEXO I – DO TERMO DE REFERÊNCIA | E1: VALOR UNITÁRIO MÁXIMO ACEITÁVEL
A2: RELAÇÃO DE EXAMES E CURSOS DE SEGURANÇA DO TRABALHO
A3: ITEM | B3: Descrição Exames e Segurança do Trabalho considerando a rotatividade da mão de obra | C3: UNIDADE | D3: QTDE | E3: PREÇO UNITÁRIO (R$)
A4: 1 | B4: Exames admissionais obrigatórios (atestado de saúde ocupacional, exame clínico, audiometria, RX digital de tórax, espirometria, eletrocardiograma, glicemia completo, acuidade visual e psicológico) | C4: unidade | D4: 17
A5: 2 | B5: Exames demissionais obrigatórios (atestado de saúde ocupacional, exame clínico, audiometria, RX digital de tórax, espirometria, eletrocardiograma, glicemia completo, acuidade visual e psicológico) | C5: unidade | D5: 17
A6: 3 | B6: Exames periódicos obrigatórios (atestado de saúde ocupacional, exame clínico, audiometria, RX digital de tórax, espirometria, eletrocardiograma, glicemia completo, acuidade visual e psicológico) | C6: unidade | D6: 17
A7: 4 | B7: Segurança do Trabalho: Assessorias técnicas, Laudos, Avaliações, Treinamentos, Programas de Controle Médico de Saúde Ocupacional (PCMSO) e de Prevenção de Riscos Ambientais (PPRA) e cursos CIPA | C7: unidade | D7: 1
